 Dungeon Crawl Stone Soup version 0.17.1-3-g152610e (webtiles) character file.

11506 makamajo the Carver (level 11, -9/94 HPs)
             Began as a Minotaur Berserker on Mar 19, 2016.
             Was a High Priest of Trog.
             Shot with a poisoned arrow by Nessos (24 damage)
             ... on level 4 of the Orcish Mines.
             The game lasted 04:09:26 (16920 turns).

makamajo the Carver (Minotaur Berserker)           Turns: 16920, Time: 04:09:26

Health: -9/94      AC: 17    Str: 23    XL:     11   Next: 50%
Magic:  10/10      EV:  8    Int:  6    God:    Trog [*****.]
Gold:   663        SH:  5    Dex: 10    Spells: 0 memorised, 10 levels left

rFire  x . .     SeeInvis +     R - +6 falchion "Ereq Vir" {flame, rF- rC+ MR+}
rCold  + . .     Clarity  .     f - +0 plate armour
rNeg   . . .     SustAt   .     S - +0 buckler
rPois  +         Gourm    .     (helmet restricted)
rElec  .         Spirit   .     k - +0 cloak
rCorr  .         Warding  .     (no gloves)
rMut   .         Stasis   .     (no boots)
MR     +....                    (no amulet)
Stlth  ..........               t - ring of poison resistance
                                I - ring of see invisible

@: exhausted, slowed, very slow, somewhat resistant to hostile enchantments,
extremely unstealthy
A: retaliatory headbutt, horns 2
a: Berserk, Trog's Hand, Brothers in Arms, Burn Spellbooks, Renounce Religion


You were on level 4 of the Orcish Mines.
You worshipped Trog.
Trog was extremely pleased with you.
You were very hungry.

You visited 3 branches of the dungeon, and saw 14 of its levels.

You collected 831 gold pieces.
You spent 168 gold pieces at shops.

Inventory:

Hand Weapons
 v - a +0 long sword of freezing
 R - the +6 falchion "Ereq Vir" (weapon) {flame, rF- rC+ MR+}
   (You took it off an orc on level 9 of the Dungeon)

   It has been specially enchanted to burn those struck by it, causing extra
   injury to most foes and up to half again as much damage against particularly
   susceptible opponents.
   Big, fiery blades are also staple armaments of hydra-hunters.
   It makes you vulnerable to fire.
   It protects you from cold.
   It affects your resistance to hostile enchantments.
 V - a +4 war axe of electrocution
Missiles
 r - 25 tomahawks
 y - 3 silver javelins
 X - a javelin
 Y - 4 poisoned tomahawks (quivered)
Armour
 a - a +0 leather armour of fire resistance
 b - a +0 large shield
 f - a +0 plate armour (worn)
 i - a +1 ring mail of cold resistance
 k - a +0 cloak (worn)
 q - a +0 ring mail of positive energy
 E - a fire dragon hide
 O - a +1 scale mail of magic resistance
 S - a +0 buckler (worn)
Jewellery
 o - an uncursed ring of flight
 s - a cursed ring of ice
 t - a ring of poison resistance (right hand)
 I - a ring of see invisible (left hand)
 M - an uncursed amulet of stasis
Wands
 e - a wand of slowing (14)
 m - a wand of hasting (4)
 A - a wand of disintegration (11)
 D - a wand of frost (31)
 G - a wand of confusion (1)
 Q - a wand of teleportation (5)
 T - a wand of draining (3)
 W - a wand of lightning (7)
Scrolls
 g - 2 scrolls of enchant weapon
 h - 7 scrolls of remove curse
 l - 2 scrolls of identify
Potions
 d - 3 potions of brilliance
 u - a potion of heal wounds {unknown}
 w - a potion of berserk rage {unknown}
 x - 2 potions of curing
 H - a potion of flight {unknown}
 K - a potion of resistance
 L - a potion of might
 U - a potion of haste
Miscellaneous
 Z - a box of beasts
Comestibles
 c - 7 bread rations
 j - a slice of pizza
 n - 4 meat rations
 p - 11 fruits
 C - a beef jerky


   Skills:
 + Level 7.9 Fighting
 - Level 14.1 Long Blades
 + Level 12.6 Armour
 - Level 2.1 Dodging
 + Level 8.2 Shields


You had 10 spell levels left.
You didn't know any spells.

Dungeon Overview and Level Annotations

Branches:
Dungeon (9/15)             Temple (1/1) D:6             Orc (4/4) D:9
    Elf (0/3) Orc:3
   Lair: D:8-11

Altars:
Ashenzari
Cheibriados
Dithmenos
Elyvilon
Fedhas
Gozag
Kikubaaqudgha
Makhleb
Nemelex Xobeh
Okawaru
Qazlal
Ru
Sif Muna
Trog
Vehumet
Xom
Yredelemnul
Zin
The Shining One

Shops:
D:5 }   Orc:1 (

Annotations:
Orc:4 Nessos


Innate Abilities, Weirdness & Mutations

You reflexively headbutt those who attack you in melee.
You have a pair of horns on your head.


Message History

You feel sick.
Nessos shoots a poisoned arrow.
The poisoned arrow hits you.
* * * LOW HITPOINT WARNING * * *
The poisoned arrow burns you.
* * * LOW HITPOINT WARNING * * *
Nessos shoots a poisoned arrow.
You block the poisoned arrow.
You see here a poisoned arrow.
You feel sick.
Nessos shoots a poisoned arrow.
The poisoned arrow hits you but does no damage.
You are more poisoned.
You see here a poisoned arrow.
You feel sick.
Nessos shoots a poisoned arrow.
The poisoned arrow hits you!
* * * LOW HITPOINT WARNING * * *
The poisoned arrow burns you.
* * * LOW HITPOINT WARNING * * *
Nessos casts a spell.
Nessos seems to speed up.
You see here a poisoned arrow.
You feel better.
Nessos blinks!
Nessos shoots a poisoned arrow.
The poisoned arrow hits you!!
You die...

......... ###....#
#.(.§..# ###(.....##
## ##.(c....$.#
###.####.(.#.......#
#.....###(##.......#
.......#(###.........
##...@..###........
###.....†#.####......
#....<[.#...# .....
#......)..#.## ...
#............#
................
......#.#.......
......#.#.......
.....#####......


You could see Nessos.

Vanquished Creatures
  Snorg (Orc:4)
  Erolcha (D:8)
  Fannar (Orc:1)
  Nergalle (Orc:1)
  Pikel (D:5)
  Joseph (D:8)
  A centaur skeleton (D:9)
  A komodo dragon (D:9)
  3 trolls
  Grinder (D:3)
  Sigmund (D:2)
  A wyvern (D:9)
  A hungry ghost (D:7)
  Eustachio (D:6)
  A warg (Orc:2)
  Menkaure (D:6)
  Edmund (D:4)
  A slave (D:4)
  10 orc warriors
  Duvessa (D:5)
  A swamp drake (D:9)
  2 sky beasts
  5 ogres
  A phantom (D:5)
  3 ice beasts
  5 centaurs
  2 big kobolds
  Dowan (D:5)
  9 giant frogs
  6 scorpions
  4 killer bees (D:7)
  7 crimson imps
  A giant frog zombie (D:8)
  A quasit (D:9)
  6 hounds
  2 jellies
  A centaur zombie (D:7)
  11 orc priests
  Ijyb (D:3)
  Jessica (D:3)
  Natasha (twice) (D:4 D:3)
  2 iguanas
  13 orc wizards
  A killer bee zombie (D:9)
  5 worker ants
  A hound skeleton (D:8)
  2 hound zombies
  A mummy (D:7)
  2 shadow imps (D:6)
  11 adders
  2 worms (D:3)
  2 giant geckos
  115 orcs
  6 ball pythons
  8 giant cockroaches
  12 goblins
  7 hobgoblins
  13 jackals
  15 kobolds
  6 quokkas
  9 bats
  A giant cockroach zombie (D:6)
  A giant newt (D:1)
  A quokka skeleton (D:4)
  A quokka zombie (D:5)
  9 rats
349 creatures vanquished.

Vanquished Creatures (others)
  A crimson imp (D:5)
  An orc wizard (D:5)
  A giant frog skeleton (D:5)
  An adder (D:5)
  2 orcs (D:5)
6 creatures vanquished.

Grand Total: 355 creatures vanquished

Notes
Turn   | Place    | Note
--------------------------------------------------------------
     0 | D:1      | makamajo the Minotaur Berserker began the quest for the Orb.
     0 | D:1      | Reached XP level 1. HP: 19/19 MP: 0/0
   494 | D:1      | Reached skill level 4 in Long Blades
   540 | D:1      | Reached XP level 2. HP: 27/27 MP: 1/1
  1040 | D:1      | Reached ** piety under Trog
  1378 | D:2      | Reached XP level 3. HP: 33/33 MP: 2/2
  1381 | D:2      | Reached skill level 5 in Long Blades
  1741 | D:2      | Found a stormy altar of Qazlal.
  1867 | D:2      | Reached XP level 4. HP: 38/40 MP: 3/3
  2118 | D:2      | Noticed Sigmund
  2207 | D:2      | Killed Sigmund
  2207 | D:2      | Reached skill level 6 in Long Blades
  2207 | D:2      | Reached XP level 5. HP: 46/46 MP: 4/4
  2343 | D:2      | Reached skill level 7 in Long Blades
  2474 | D:3      | Noticed Ijyb
  2480 | D:3      | Killed Ijyb
  2480 | D:3      | Reached XP level 6. HP: 52/52 MP: 5/5
  2634 | D:3      | Noticed Grinder
  2660 | D:3      | Killed Grinder
  2660 | D:3      | Reached skill level 8 in Long Blades
  2660 | D:3      | Reached skill level 5 in Armour
  2872 | D:3      | Noticed Jessica
  2882 | D:3      | Killed Jessica
  2882 | D:3      | Reached XP level 7. HP: 58/58 MP: 6/6
  3123 | D:3      | Reached *** piety under Trog
  3389 | D:4      | Noticed Natasha
  3399 | D:4      | Killed Natasha
  3417 | D:4      | Noticed Natasha
  3859 | D:3      | Killed Natasha
  4132 | D:4      | Noticed Edmund
  4142 | D:4      | Killed Edmund
  4142 | D:4      | Reached skill level 9 in Long Blades
  5052 | D:5      | Entered Level 5 of the Dungeon
  5106 | D:5      | Received a gift from Trog
  5113 | D:5      | Noticed Pikel
  5167 | D:5      | Killed Pikel
  5167 | D:5      | Reached skill level 10 in Long Blades
  5167 | D:5      | Reached XP level 8. HP: 48/66 MP: 7/7
  5414 | D:5      | Reached skill level 11 in Long Blades
  6239 | D:5      | Found Gauppam's Quality Used Wands.
  6256 | D:5      | Found a shadowy altar of Dithmenos.
  6369 | D:5      | Noticed Dowan
  6370 | D:5      | Noticed Duvessa
  6389 | D:5      | Killed Duvessa
  6389 | D:5      | Reached XP level 9. HP: 67/71 MP: 8/8
  6395 | D:5      | Killed Dowan
  6519 | D:6      | Reached skill level 12 in Long Blades
  6557 | D:6      | Noticed Eustachio
  6661 | D:6      | Killed Eustachio
  6949 | D:6      | Reached **** piety under Trog
  7007 | D:6      | Found a sacrificial altar of Ru.
  7007 | D:6      | Found a radiant altar of Vehumet.
  7054 | D:6      | Noticed Menkaure
  7076 | D:6      | HP: 2/71 [centaur/arrow (3)]
  7682 | D:6      | Found a sacrificial altar of Ru.
  7843 | D:6      | Killed Menkaure
  7933 | D:6      | Found a staircase to the Ecumenical Temple.
  7945 | Temple   | Entered the Ecumenical Temple
  8292 | D:6      | You fall through a shaft!
  8371 | D:7      | Reached skill level 13 in Long Blades
  8692 | D:7      | Found an opulent altar of Gozag.
  8773 | D:6      | Found an iron altar of Okawaru.
  8882 | D:7      | Found an opulent altar of Gozag.
  9214 | D:7      | Found a snail-covered altar of Cheibriados.
  9326 | D:8      | Noticed Joseph
  9334 | D:8      | Killed Joseph
  9334 | D:8      | Reached skill level 10 in Armour
  9509 | D:8      | Reached XP level 10. HP: 78/78 MP: 9/9
  9539 | D:8      | Reached skill level 1 in Shields
  9904 | D:8      | Noticed Erolcha
  9920 | D:8      | Killed Erolcha
  9920 | D:8      | Reached skill level 14 in Long Blades
 10158 | D:8      | Found a sparkling altar of Nemelex Xobeh.
 11099 | D:9      | Got a faintly glowing falchion {flame}
 11100 | D:9      | Identified the +6 falchion "Ereq Vir" {flame, rF- rC+ MR+} (You took it off an orc on level 9 of the Dungeon)
 11258 | D:9      | Reached ***** piety under Trog
 11406 | D:9      | Reached skill level 5 in Fighting
 11406 | D:9      | Reached skill level 5 in Shields
 12269 | D:9      | Found a staircase to the Orcish Mines.
 12969 | Orc:1    | Entered Level 1 of the Orcish Mines
 13172 | Orc:1    | Found Uqydghes's Weapon Shoppe.
 13406 | Orc:1    | Found a bloodstained altar of Trog.
 13796 | D:5      | Bought a wand of teleportation (0) for 168 gold pieces
 14006 | D:9      | Reached XP level 11. HP: 89/89 MP: 10/10
 14568 | Orc:1    | Noticed Fannar
 14769 | Orc:2    | Received a gift from Trog
 15098 | Orc:1    | Killed Fannar
 15583 | Orc:3    | Found a staircase to the Elven Halls.
 16204 | Orc:1    | Noticed Nergalle
 16230 | Orc:1    | Killed Nergalle
 16749 | Orc:4    | Entered Level 4 of the Orcish Mines
 16763 | Orc:4    | Noticed Snorg
 16780 | Orc:4    | Killed Snorg
 16794 | Orc:4    | Noticed Nessos
 16920 | Orc:4    | Shot with a poisoned arrow by Nessos

Action                   |  1- 3 |  4- 6 |  7- 9 | 10-12 || total
-------------------------+-------+-------+-------+-------++-------
Melee: Falchion          |   126 |    69 |   216 |   352 ||   763
       Long sword        |       |       |    96 |   113 ||   209
       Rapier            |       |       |    44 |       ||    44
Throw: Stone             |     5 |     3 |     4 |       ||    12
       Javelin           |       |       |    55 |    40 ||    95
       Tomahawk          |       |       |       |    23 ||    23
Invok: Berserk           |     1 |     4 |    13 |    16 ||    34
       Trog's Hand       |       |     2 |     6 |     3 ||    11
Evoke: Wand              |       |       |     1 |     2 ||     3
  Use: Scroll            |     1 |     1 |     9 |    10 ||    21
       Potion            |       |       |     3 |     5 ||     8
  Eat: Chunk             |     4 |     7 |    28 |    38 ||    77
       Bread ration      |       |       |     2 |       ||     2
       Pizza             |       |       |     1 |       ||     1
       Beef jerky        |       |       |       |     1 ||     1
